 Dungeon Crawl Stone Soup version 0.24-a0-736-g4e6fe308c7 (webtiles) character file.

Game seed: 6470492681624431996, levelgen mode: deterministic

4621 J3tze the Fighter (level 10, 0/99 HPs)
             Began as a Minotaur Berserker on Sept 28, 2019.
             Was an Elder of Trog.
             Slain by a death yak (12 damage)
             ... on level 9 of the Dungeon on Oct 2, 2019.
             The game lasted 00:58:24 (6479 turns).

J3tze the Fighter (Minotaur Berserker)              Turns: 6479, Time: 00:58:24

Health: 0/99       AC:  9    Str: 25    XL:     10   Next: 19%
Magic:  9/9        EV:  9    Int:  4    God:    Trog [****..]
Gold:   305        SH:  0    Dex: 10    Spells: 9/9 levels left

rFire    . . .     SeeInvis .   v - +2 hand axe (vamp)
rCold    . . .     Gourm    .   (no shield)
rNeg     . . .     Faith    .   q - +0 chain mail
rPois    .         Spirit   .   (helmet restricted)
rElec    .         Reflect  .   (no cloak)
rCorr    +         Harm     .   (no gloves)
MR       .....                  (no boots)
Stlth    ..........             (no amulet)
HPRegen  0.26/turn              w - ring of resist corrosion
MPRegen  0.11/turn              (no ring)

@: berserk cooldown, lightly drained
A: retaliatory headbutt, horns 2
a: Berserk, Trog's Hand, Brothers in Arms, Renounce Religion


You were on level 9 of the Dungeon.
You worshipped Trog.
Trog was greatly pleased with you.
You were not hungry.

You visited 1 branch of the dungeon, and saw 9 of its levels.

You collected 305 gold pieces.

Inventory:

Hand Weapons
 a - a +0 hand axe
 d - a +1 scimitar of holy wrath
 g - a +0 dagger
 j - a +1 flail of protection
 k - a +0 hand axe
 m - a +0 hunting sling
 n - a +1 dagger of protection
 p - a +0 flail
 r - a +2 mace of protection
 u - a +0 falchion
 v - a +2 vampiric hand axe (weapon)
 y - a +0 shortbow
 A - a +3 flail of protection
 F - a +0 long sword
 M - a +0 giant club
 N - the +5 scythe "Finisher" {speed, eviscerate}
   (You found it on level 9 of the Dungeon)

   Attacks with this weapon are significantly faster.
Missiles
 o - 2 throwing nets
 z - 76 arrows (quivered)
 E - 53 stones
Armour
 l - a +0 leather armour
 q - a +0 chain mail (worn)
 B - a +1 ring mail of fire resistance
 C - the +5 ring mail "Kydas" {Str+7 Int-2 SInv Stlth+, unknown}
   (You found it on level 6 of the Dungeon)

   It affects your strength (+7).
   It affects your intelligence (-2).
   It lets you see invisible.
   It makes you more stealthy.
 G - a +0 chain mail
Jewellery
 w - a ring of resist corrosion (left hand)
 I - an uncursed ring of wizardry {unknown}
Wands
 b - a wand of enslavement (12)
 s - a wand of flame (14)
 P - a wand of iceblast (5)
Scrolls
 e - 3 scrolls of remove curse
 f - 6 scrolls of identify
 t - a scroll of immolation {unknown}
 x - a scroll of magic mapping
 H - a scroll of noise {unknown}
 O - a scroll of vulnerability {unknown}
Potions
 h - a potion of heal wounds {unknown}
 i - a potion of magic {unknown}
 D - a potion of flight {unknown}
 J - a potion of curing {unknown}
 K - a potion of resistance {unknown}
Comestibles
 c - 5 rations
 L - 3 chunks of flesh


   Skills:
 + Level 12.5(12.4) Fighting
 + Level 12.5(12.4) Axes
 - Level 3.5 Armour
 - Level 3.2(3.1) Dodging


You had 9 spell levels left.
You didn't know any spells.
Your spell library contained the following spells:

 Spells                   Type           Power        Failure   Level  Hunger
 Corona                   Hex            #......      98%         1    ##.....
 Ensorcelled Hibernation  Hex/Ice        #.....       99%         2    ###....
 Confuse                  Hex            #.......     100%        3    ####...
 Dazzling Spray           Conj/Hex       #.....       100%        3    ####...
 Tukima's Dance           Hex            #.......     100%        3    ####...


Dungeon Overview and Level Annotations

Branches:
Dungeon (9/15)             Temple (0/1) D:7            Lair (0/6) D:9
    Orc: D:9-12

Altars:

Shops:
D:8 %


Innate Abilities, Weirdness & Mutations

You reflexively headbutt those who attack you in melee.
You have a pair of horns on your head.


Message History

You furiously retaliate!
You headbutt the death yak. The hound bites you but does no damage.
You hit the death yak.
You feel better.
You headbutt the death yak.
The death yak is moderately wounded.
You hit the hound.
You feel better.
You feel yourself speed up. The hound closely misses you.
You furiously retaliate!
You headbutt the hound.
You kill the hound!
Trog accepts your kill. The death yak gores you!!
* * * LOW HITPOINT WARNING * * *
Your polar bear goes berserk!
You feel quite a bit more hungry.
The death yak gores you but does no damage.
You hit the death yak but do no damage.
You headbutt the death yak, but do no damage.
The death yak is moderately wounded.
Your chain mail prevents you from hitting the death yak.
The death yak gores you!
You die...

#......# *,........*....,
#......# #,,......##....,
#.....># *.##...........,
#..###.# *,.r....Y......, #..#
#.# ***#..........., #..# #.#
#..........., #..###.#
#...........,
######......############†########
................@Y.hhOh.÷†.......
.###............hY..#............
.# #................#............
.# #................#............
.# #..#.............#............
.#*#................#...###......
.....................[...,,......
##########################*######


You could see 2 death yaks, an ogre, 3 jackals and a friendly polar bear
(berserk).

Vanquished Creatures
  Harold (D:8)
  Prince Ribbit (D:8)
  2 wraiths (D:9)
  Edmund (D:6)
  A porcupine (D:9)
  2 orc warriors (D:7)
  A hornet zombie (D:6)
  2 black bears (D:7)
  A necrophage (D:7)
  An ice beast (D:8)
  2 sky beasts
  An ogre (D:9)
  A phantom (D:7)
  4 centaurs
  3 bullfrogs
  A gnoll sergeant (D:5)
  2 scorpions
  14 killer bees
  A crimson imp (D:6)
  A centaur zombie (D:9)
  4 hounds
  A bullfrog zombie (D:6)
  3 orc priests
  A centaur skeleton (D:8)
  4 jellies
  2 bullfrog skeletons (D:7)
  An iguana (D:7)
  4 worker ants
  2 hell rats (D:9)
  2 worker ant zombies
  6 adders
  11 gnolls
  2 howler monkey skeletons (D:7)
  A river rat (D:9)
  A shadow imp (D:6)
  An adder zombie (D:8)
  An adder skeleton (D:6)
  3 dart slugs
  4 leopard geckos
  16 orcs
  3 giant cockroaches
  2 goblins (D:1)
  4 hobgoblins
  5 jackals
  2 quokkas
  6 bats
  5 frilled lizards
  A goblin zombie (D:7)
  A quokka zombie (D:7)
  4 rats
146 creatures vanquished.

Notes
Turn   | Place    | Note
-------+----------+-------------------------------------------
     0 | D:1      | J3tze the Minotaur Berserker began the quest for the Orb.
     0 | D:1      | Reached XP level 1. HP: 19/19 MP: 0/0
    46 | D:1      | Upgraded the game from 0.24-a0-693-g39a19ac0f1 to
                  | 0.24-a0-699-g5a66b1aa3b
   294 | D:1      | Reached XP level 2. HP: 24/26 MP: 1/1
   601 | D:1      | Reached XP level 3. HP: 31/31 MP: 2/2
   619 | D:1      | Reached ** piety under Trog
  1107 | D:3      | Found a faded altar of an unknown god.
  1163 | D:3      | Reached XP level 4. HP: 35/40 MP: 3/3
  1177 | D:4      | Noticed an ogre
  1561 | D:3      | You fall into a shaft and drop 2 floors!
  1561 | D:5      | Entered Level 5 of the Dungeon
  1576 | D:5      | Reached XP level 5. HP: 28/47 MP: 4/4
  1584 | D:5      | Reached skill level 5 in Fighting
  1584 | D:5      | Reached skill level 5 in Axes
  1908 | D:5      | Reached XP level 6. HP: 50/57 MP: 5/5
  1953 | D:5      | Noticed a sky beast
  1963 | D:5      | Killed a sky beast
  2033 | D:6      | Noticed Edmund
  2043 | D:6      | Killed Edmund
  2043 | D:6      | Reached XP level 7. HP: 66/66 MP: 6/6
  2053 | D:6      | Got a distressingly furry ring mail
  2166 | D:6      | Reached *** piety under Trog
  2625 | D:6      | Reached XP level 8. HP: 57/74 MP: 7/7
  2870 | D:7      | Found a sand-covered staircase.
  2998 | D:7      | Found a staircase to the Ecumenical Temple.
  3622 | D:7      | Reached skill level 10 in Fighting
  3622 | D:7      | Reached skill level 10 in Axes
  3941 | D:7      | Reached XP level 9. HP: 54/85 MP: 8/8
  4679 | D:8      | Reached **** piety under Trog
  4989 | D:8      | Noticed Harold
  5004 | D:8      | Killed Harold
  5015 | D:8      | Upgraded the game from 0.24-a0-699-g5a66b1aa3b to
                  | 0.24-a0-725-gf1a930fc54
  5022 | D:8      | Found Biucurae's Food Boutique.
  5026 | D:8      | Upgraded the game from 0.24-a0-725-gf1a930fc54 to
                  | 0.24-a0-736-g4e6fe308c7
  5407 | D:8      | Noticed Prince Ribbit
  5466 | D:8      | Killed Prince Ribbit
  5817 | D:9      | Found the +5 scythe "Finisher" {speed, eviscerate}
  5822 | D:9      | Reached XP level 10. HP: 92/97 MP: 9/9
  6462 | D:9      | Noticed a death yak
  6467 | D:9      | Noticed a death yak
  6467 | D:9      | Noticed a death yak
  6479 | D:9      | Slain by a death yak

Levels and vault maps discovered:
D:1:      eino_arrival_water_cross, layout_basic, minivault_27,
          minmay_hedge_maze, minmay_misc_feat_hallway,
          hangedman_abyss_or_decor_stabs
D:2:      layout_basic, overflow_temple_1_default, first_ration
D:3:      layout_loops_ring, chequers_ecumenical_altar_simple_redux
D:4:      layout_cave_pools, ebering_ghost_gozag, dk_yredelemnul_ordeal
D:5:      layout_basic
D:6:      layout_cave_pools, uniq_edmund
D:7:      minmay_skewed_foursquare, layout_basic, minmay_temple_entry_slanted,
          enter_ossuary_4
D:8:      layout_basic, serial_shops, shop_fountains, uniq_harold,
          uniq_prince_ribbit1
D:9:      layout_stronghold, dpeg_lair_monsters, hangedman_little_slice_of_home,
          minmay_guarded_unrand_finisher

Skill      XL: |  1  2  3  4  5  6  7  8  9 |
---------------+----------------------------+-----
Armour         | 3 |  3.5
Dodging        | 3 |  3.2
Fighting       | 4 5 7 8 10 12 | 12.5
Axes           | 4 5 7 8 10 12 | 12.5

Action                   |  1- 3 |  4- 6 |  7- 9 | 10-12 || total
-------------------------+-------+-------+-------+-------++-------
Melee: Hand axe          |    70 |    88 |   268 |    65 ||   491
       Headbutt          |     9 |    12 |    49 |    16 ||    86
Invok: Berserk           |     1 |     3 |     6 |     3 ||    13
       Trog's Hand       |       |     1 |       |       ||     1
       Brothers in Arms  |       |       |       |     1 ||     1
  Use: Scroll            |       |       |     4 |     1 ||     5
  Eat: Chunk             |     2 |     1 |     5 |     2 ||    10
       Ration            |       |     1 |     5 |       ||     6
Armor: Animal skin       |    15 |     5 |       |       ||    20
       Chain mail        |       |    18 |    96 |    26 ||   140
Dodge: Dodged            |    30 |    35 |   122 |    24 ||   211

Table legend:
 A = Non-vault XP
 B = Vault XP
 C = Vault XP percentage of total XP
 D = Non-vault monster count
 E = Vault monster count
 F = Vault count percentage of total count
                 A         B        C        D         E       F
            +---------+---------+-------+---------+---------+-------
      Total |    4180 |    2422 |  36.7 |     131 |      15 |  10.3
            +---------+---------+-------+---------+---------+-------
        D:1 |      51 |       0 |   0.0 |      20 |       0 |   0.0
        D:2 |      24 |       0 |   0.0 |       7 |       0 |   0.0
        D:3 |     115 |       0 |   0.0 |      12 |       0 |   0.0
        D:5 |     536 |       0 |   0.0 |      20 |       0 |   0.0
        D:6 |     614 |     164 |  21.1 |      15 |       1 |   6.2
        D:7 |    1205 |     376 |  23.8 |      23 |       6 |  20.7
        D:8 |     610 |    1242 |  67.1 |      12 |       2 |  14.3
        D:9 |    1025 |     640 |  38.4 |      22 |       6 |  21.4
            +---------+---------+-------+---------+---------+-------
